[Event "Schachfestival IM 2018"]
[Site "Lueneburg"]
[Date "2018.07.09"]
[Round "5"]
[White "Lubbe, Melanie"]
[Black "Mirzoev, Azer"]
[Result "1/2-1/2"]
[ECO "C45"]
[WhiteElo "2332"]
[BlackElo "2506"]
[Annotator "ChessBase"]
[PlyCount "138"]
[EventDate "2018.07.05"]
[EventType "tourn"]
[EventCountry "GER"]
[SourceTitle "playchess.com"]
[Source "ChessBase"]
[SourceQuality "1"]
[TimeControl "40/5400+30:1800+30"]

1. e4 e5 2. Nf3 Nc6 3. d4 exd4 4. Nxd4 Bb4+ 5. c3 Bc5 6. Be3 Bb6 7. Nf5 g6 8. Bxb6 axb6 9. Ne3 Nf6 10. f3 O-O 11. c4 Nh5 12. Qd2 d6 13. Nc3 Ng7 14. O-O-O f5 15. Kb1 Be6 16. exf5 Nxf5 17. Nxf5 Bxf5+ 18. Bd3 Qd7 19. Nd5 Ne7 20. Nxe7+ Qxe7 21. Rhe1 Qh4 22. b3 Bxd3+ 23. Qxd3 Ra5 24. Qd4 Qxd4 25. Rxd4 Rh5 26. h3 b5 27. cxb5 Rxb5 28. Re7 Rf7 29. Re8+ Kg7 30. Kc2 Rg5 31. Re2 Rgf5 32. a4 Kf6 33. Rde4 Rd7 34. b4 d5 35. Re8 Kf7 36. Rh8 Kg7 37. Rhe8 Rff7 38. Kd3 Kh6 39. Kc3 Kg5 40. R2e5+ Kh4 41. a5 c6 42. R8e6 Kg3 43. Rg5+ Kf2 44. Kd3 Rde7 45. Rxe7 Rxe7 46. b5 cxb5 47. Kd4 b4 48. Kxd5 b3 49. Kd6 Rf7 50. Rb5 Kxg2 51. Rxb3 Kxh3 52. Ke6 Rc7 53. Kd6 Rg7 54. Ke5 Kh4 55. Rb4+ Kg3 56. Kf6 Rc7 57. f4 Kg4 58. f5+ Kh5 59. fxg6 hxg6 60. Rb5+ Kh6 61. Rb1 Rc6+ 62. Ke5 Kg5 63. Rxb7 Rc5+ 64. Ke4 Rxa5 65. Kf3 Ra3+ 66. Kg2 Kh5 67. Rb5+ g5 68. Rb4 g4 69. Rb8 Kh4 1/2-1/2

[Event "Schachfestival IM 2018"]
[Site "Lueneburg"]
[Date "2018.07.09"]
[Round "5"]
[White "Fuchs, Judith"]
[Black "Simantsev, Mikhail"]
[Result "0-1"]
[ECO "D00"]
[WhiteElo "2289"]
[BlackElo "2434"]
[Annotator "ChessBase"]
[PlyCount "114"]
[EventDate "2018.07.05"]
[EventType "tourn"]
[EventCountry "GER"]
[SourceTitle "playchess.com"]
[Source "ChessBase"]
[SourceQuality "1"]
[TimeControl "40/5400+30:1800+30"]

1. d4 Nf6 2. Bf4 e6 3. e3 c5 4. c3 d5 5. Nd2 Bd6 6. Bg3 O-O 7. Bd3 Qc7 8. Bxd6 Qxd6 9. f4 b6 10. Qe2 Nc6 11. a3 Bb7 12. Ngf3 cxd4 13. cxd4 Rac8 14. O-O Ne7 15. Qe1 Nf5 16. Ng5 Qe7 17. Qe2 Rc7 18. Rf3 h6 19. Rh3 Rfc8 20. Ngf3 Rc1+ 21. Rxc1 Rxc1+ 22. Nf1 Ne4 23. g4 Nfd6 24. Kg2 f6 25. Rh5 Bc6 26. Rh3 Ba4 27. Kg1 Qe8 28. N3d2 Bb5 29. Nxe4 dxe4 30. Qd2 Ra1 31. Be2 Bxe2 32. Qxe2 Qb5 33. Qxb5 Nxb5 34. Rg3 Nd6 35. Rg2 Nc4 36. Re2 Rb1 37. Kf2 Rxb2 38. Rxb2 Nxb2 39. Ng3 Nd1+ 40. Ke2 Nc3+ 41. Kd2 Nb1+ 42. Kc2 Nxa3+ 43. Kb3 Nb5 44. Nxe4 f5 45. gxf5 exf5 46. Nf2 Nd6 47. Nd3 g5 48. Ne5 g4 49. e4 Nxe4 50. Kc4 h5 51. Kd5 a5 52. Nc6 a4 53. Ne7+ Kf7 54. Nxf5 a3 55. Ne3 a2 56. Nc2 Nc3+ 57. Kc4 h4 0-1

[Event "Schachfestival IM 2018"]
[Site "Lueneburg"]
[Date "2018.07.09"]
[Round "5"]
[White "Polster, Christian"]
[Black "Sriram, Jha"]
[Result "1/2-1/2"]
[ECO "C56"]
[WhiteElo "2286"]
[BlackElo "2409"]
[Annotator "ChessBase"]
[PlyCount "115"]
[EventDate "2018.07.05"]
[EventType "tourn"]
[EventCountry "GER"]
[SourceTitle "playchess.com"]
[Source "ChessBase"]
[SourceQuality "1"]
[TimeControl "40/5400+30:1800+30"]

1. e4 e5 2. Nf3 Nc6 3. Bc4 Nf6 4. d4 exd4 5. e5 d5 6. Bb5 Ne4 7. Nxd4 Bd7 8. Bxc6 bxc6 9. O-O Bc5 10. f3 Ng5 11. Be3 Bb6 12. f4 Ne4 13. Nd2 Nxd2 14. Qxd2 c5 15. Nf3 d4 16. Bf2 Bc6 17. a4 a5 18. Qd3 Qd5 19. Rfe1 O-O 20. f5 f6 21. c4 dxc3 22. Qxc3 c4 23. Rad1 Bxf2+ 24. Kxf2 Qc5+ 25. Qd4 Qxd4+ 26. Rxd4 fxe5 27. Rxe5 Rab8 28. Rxc4 Rxb2+ 29. Kg3 Bxf3 30. gxf3 Rb4 31. Rxc7 Rxa4 32. Ree7 Rxf5 33. Rxg7+ Kf8 34. Rxh7 Rg5+ 35. Kf2 Kg8 36. Rhd7 Rf4 37. Ra7 Rf6 38. h4 Rgf5 39. Rd8+ Rf8 40. Rxf8+ Kxf8 41. Kg3 Kg8 42. Kg4 Rc5 43. f4 Rb5 44. h5 Rc5 45. h6 Rc1 46. f5 Rg1+ 47. Kh5 Rh1+ 48. Kg6 Rg1+ 49. Kf6 Rh1 50. Ra8+ Kh7 51. Kf7 Rb1 52. f6 Rb7+ 53. Kf8 Kxh6 54. f7 Kg6 55. Ra6+ Kh7 56. Rd6 Rb8+ 57. Ke7 Kg7 58. Rf6 1/2-1/2

[Event "Schachfestival IM 2018"]
[Site "Lueneburg"]
[Date "2018.07.09"]
[Round "5"]
[White "Wenzel, Birger"]
[Black "Light, Bjarne"]
[Result "1-0"]
[ECO "B51"]
[WhiteElo "2084"]
[BlackElo "2177"]
[Annotator "NA"]
[PlyCount "91"]
[EventDate "2018.07.05"]
[EventType "tourn"]
[EventCountry "GER"]
[SourceTitle "playchess.com"]
[Source "ChessBase"]
[SourceQuality "1"]
[TimeControl "40/5400+30:1800+30"]

1. e4 c5 2. Nf3 Nc6 3. Bb5 d6 4. Bxc6+ bxc6 5. e5 Ba6 6. Nc3 Qd7 7. d3 f6 8. exd6 exd6 9. O-O g6 10. Re1+ Kf7 11. b3 Nh6 12. Ne4 Ng4 13. Bb2 Be7 14. d4 c4 15. h3 Nh6 16. d5 c5 17. Qd2 Nf5 18. Qf4 Rhf8 19. g4 Nd4 20. Nxd4 cxd4 21. Bxd4 Kg8 22. Bxf6 Rf7 23. Qg5 Bf8 24. Re3 Bg7 25. Rae1 Raf8 26. Bxg7 Kxg7 27. Qh4 h6 28. g5 h5 29. Nf6 Qf5 30. Re6 c3 31. Ne8+ Rxe8 32. Rxe8 Qxd5 33. Qg3 Qc5 34. Qe3 Bc8 35. Qxc5 dxc5 36. R1e3 Bf5 37. R8e7 Bxc2 38. Rxf7+ Kxf7 39. Rxc3 Bb1 40. a3 Ba2 41. Rxc5 Bxb3 42. Rc7+ Ke6 43. Rxa7 Kf5 44. Ra5+ Kf4 45. Rb5 Be6 46. Kh2 1-0

[Event "Schachfestival IM 2018"]
[Site "Lueneburg"]
[Date "2018.07.09"]
[Round "5"]
[White "Pubantz, Jan"]
[Black "Kuberczyk, Christoph"]
[Result "1/2-1/2"]
[ECO "A31"]
[WhiteElo "1997"]
[BlackElo "2225"]
[Annotator "NA"]
[PlyCount "131"]
[EventDate "2018.07.05"]
[EventType "tourn"]
[EventCountry "GER"]
[SourceTitle "playchess.com"]
[Source "ChessBase"]
[SourceQuality "1"]
[TimeControl "40/5400+30:1800+30"]

1. d4 Nf6 2. c4 c5 3. Nf3 cxd4 4. Nxd4 b6 5. f3 d6 6. e4 Bb7 7. Nc3 e6 8. Be2 Nbd7 9. O-O Be7 10. Be3 O-O 11. Rc1 a6 12. Qd2 Rc8 13. Rfd1 Qc7 14. b3 Qb8 {[%emt 0:00:48] LiveBook: 17 Games} 15. Bf1 Rfe8 16. Qf2 Bd8 17. Nde2 {[%emt 0:11:19] A31: Symmetrical English: 2 Nf3 Nf6 3 d4} (17. Kh1 Bc7 18. Qh4 Ne5 19. Bg1 Ng6 20. Qf2 h5 21. Nc2 d5 22. exd5 exd5 23. Nxd5 Nxd5 24. cxd5 Bf4 {1-0 (68) Dervishi,E (2552)-Shchekachev,A (2534) Paris 2017}) 17... Bc7 18. g3 Ba8 19. a4 Ne5 20. h3 $146 ({Predecessor:} 20. Bg2 Rcd8 21. h3 Ned7 22. Rc2 h5 23. Rcd2 Rc8 24. Kh1 {½-½ (24) Baier,C (1877)-Carow,A (2054) Oberhof 2012}) 20... Ng6 21. Bg2 Bc6 22. b4 Ne5 23. b5 Ba8 24. Nb1 Bd8 25. Na3 d5 26. cxd5 Rxc1 27. Bxc1 exd5 28. f4 Ng6 29. exd5 Be7 30. Nc4 Bc5 31. Be3 axb5 32. axb5 Ne4 33. Qf3 ({Lieber} 33. Bxe4 $1 $16 Rxe4 34. Bxc5 Rxc4 35. Ba3 (35. Bxb6 Ne7 $16)) 33... Qc7 34. Kh2 Bxe3 35. Nxe3 Qc5 36. Nd4 Nc3 37. Rd2 Nxb5 38. Nxb5 Qxb5 39. Qf2 h5 40. Nf5 Rd8 41. Qd4 f6 42. Rb2 Qc5 43. Qxc5 bxc5 44. Ra2 Kf8 45. Ra7 (45. Rc2 $16) 45... Bxd5 46. Nxg7 Bf7 (46... Bc4 $11) 47. Nxh5 Rd6 48. g4 Nh4 (48... Rd2 $1 $11 {hält das Gleichgewicht.} 49. Kg3 (49. Nxf6 Nxf4 50. Nh7+ Kg8 $11) 49... Rd3+ 50. Kf2 Rd2+ 51. Kg3 Rd3+ 52. Kh2 Rd2) 49. Kg3 Nxg2 50. Kxg2 Bxh5 51. gxh5 Rd5 52. h6 Rh5 53. h7 f5 54. Rc7 c4 55. Rxc4 Kg7 56. Rc7+ Kg6 57. Kg3 Kf6 $2 {[%emt 0:00:09] [#]} (57... Rh6 $11 58. Kg2 Rh4) 58. h4 $2 (58. Rc8 $1 {mates} Rxh7 59. Rc6+ Kg7 60. Rc7+ Kh6 61. Rxh7+ Kxh7 62. Kf2 Kg6 63. Ke3) 58... Kg6 59. Kh3 Kf6 60. Rc8 Rxh7 61. Rc6+ Kf7 62. Rc7+ Kg6 63. Rxh7 Kxh7 64. h5 Kg7 $11 65. Kg3 Kh7 66. Kh3 1/2-1/2